 Dungeon Crawl Stone Soup version 0.19.5 (webtiles) character file.

1371 equalderp2856 the Gouger (level 8, 0/36 HPs)
             Began as a Felid Fighter on Mar 5, 2017.
             Slain by a water moccasin (9 damage)
             ... on level 7 of the Dungeon.
             The game lasted 00:37:59 (10345 turns).

equalderp2856 the Gouger (Felid Fighter)           Turns: 10345, Time: 00:37:59

Health: 0/36       AC:  2    Str: 13    XL:     8   Next: 38%
Magic:  11/11      EV: 23    Int: 10    God:
Gold:   303        SH:  0    Dex: 17    Spells: 3 memorised, 5 levels left
                                        Lives:  0   Deaths: 2

rFire  . . .     SeeInvis +       - Unarmed
rCold  . . .     Gourm    .     (armour unavailable)
rNeg   . . .     Faith    .     (shield unavailable)
rPois  .         Spirit   .     (helmet unavailable)
rElec  .         Reflect  .     (cloak unavailable)
rCorr  .         Harm     .     (gloves unavailable)
MR     +....                    (boots unavailable)
Stlth  +++++.....               (no amulet)
                                (no ring)
                                (no ring)

@: lethally poisoned (0 -> 0), quick
A: no armour, no weapons or thrown items, stealth, claws 1, fangs 3, see
invisible, carnivore 3, speed 1, shaggy fur 2, slow metabolism 1, sharp paws
a: no special abilities


You were on level 7 of the Dungeon.
You were not hungry.

You visited 1 branch of the dungeon, and saw 10 of its levels.

You collected 303 gold pieces.

Inventory:

Missiles
 e - 74 arrows
Jewellery
 m - an uncursed ring of loudness
Wands
 j - a wand of confusion (27/48)
 p - a wand of iceblast (13/15)
 r - a wand of enslavement (8/24)
 v - a wand of acid (11/15)
Scrolls
 c - a scroll of remove curse
 d - a scroll of teleportation
 i - 2 scrolls of enchant weapon
 k - a scroll of magic mapping
 o - 3 scrolls of random uselessness
 q - 6 scrolls of identify
 A - a scroll of fog
 E - a scroll of recharging
 F - a scroll of blinking
Potions
 a - a potion of might
 b - a potion of flight {unknown}
 f - a potion of mutation {unknown}
 g - 2 potions of curing
 s - a potion of ambrosia {unknown}
 t - a potion of magic {unknown}
 w - a potion of haste {unknown}
 B - a potion of cancellation {unknown}
 C - a potion of agility {unknown}
Books
 l - a book of Changes

   Spells                             Type                      Level
   a - Beastly Appendage              Transmutation                1
   b - Sticks to Snakes               Transmutation                2
   c - Spider Form                    Transmutation/Poison         3
   d - Ice Form                       Ice/Transmutation            4
   e - Blade Hands                    Transmutation                5
 n - a book of Necromancy

   Spells                             Type                      Level
   a - Pain                           Necromancy                   1
   b - Animate Skeleton               Necromancy                   1
   c - Vampiric Draining              Necromancy                   3
   d - Regeneration                   Charms/Necromancy            3
   e - Animate Dead                   Necromancy                   4
   f - Control Undead                 Necromancy                   4
 x - a book of Power

   Spells                             Type                      Level
   a - Fulminant Prism                Conjuration/Hexes            4
   b - Iskenderun's Mystic Blast      Conjuration                  4
   c - Venom Bolt                     Conjuration/Poison           5
   d - Bolt of Magma                  Conjuration/Fire/Earth       5
   e - Iron Shot                      Conjuration/Earth            6
   f - Orb of Destruction             Conjuration                  7
   g - Spellforged Servitor           Conjuration/Summoning        7
 y - a book of Necromancy

   Spells                             Type                      Level
   a - Pain                           Necromancy                   1
   b - Animate Skeleton               Necromancy                   1
   c - Vampiric Draining              Necromancy                   3
   d - Regeneration                   Charms/Necromancy            3
   e - Animate Dead                   Necromancy                   4
   f - Control Undead                 Necromancy                   4
 D - a book of Cantrips

   Spells                             Type                      Level
   a - Confusing Touch                Hexes                        1
   b - Animate Skeleton               Necromancy                   1
   c - Summon Small Mammal            Summoning                    1
   d - Apportation                    Translocation                1
Comestibles
 h - 3 beef jerkies
 u - 4 bread rations
 z - 3 meat rations


   Skills:
 + Level 4.4 Fighting
 + Level 7.9 Dodging
 + Level 8.6 Stealth
 + Level 10.0 Unarmed Combat
 + Level 1.3 Spellcasting
 + Level 0.4 Transmutations


You had 5 spell levels left.
You knew the following spells:

 Your Spells              Type           Power        Failure   Level  Hunger
a - Sticks to Snakes      Tmut           #.......     47%         2    ###....
b - Summon Small Mammal   Summ           #...         38%         1    ##.....
c - Confusing Touch       Hex            #.....       38%         1    ##.....


Dungeon Overview and Level Annotations

Branches:
Dungeon (10/15)            Temple (0/1) D:5            Lair (0/6) D:8
    Orc: D:9-12

Altars:
Ashenzari
Elyvilon
Vehumet
Xom
Yredelemnul

Shops:
D:4 *   D:6 =   D:8 [

Annotations:
D:4 Edmund
D:7 1 runed door, Pikel
D:10 Joseph


Innate Abilities, Weirdness & Mutations

You cannot wear armour.
You are incapable of wielding weapons or throwing items.
Your paws allow you to move quietly. (Stealth)
You have sharp claws.
You have razor-sharp teeth.
You have supernaturally acute eyesight. (SInv)
You are carnivorous and can eat meat at any time.
You cover ground quickly.
You are covered in thick fur. (AC +2)
You have a slow metabolism.
Your sharp claws are effective at attacking unaware monsters.


Message History

The water moccasin is severely wounded.
The water moccasin closely misses you.
You feel sick. The water moccasin misses you.
The water moccasin closely misses you.
You feel sick.
You feel sick.
The water moccasin completely misses you.
There is a stone staircase leading up here.
You closely miss the water moccasin.
The water moccasin is severely wounded.
The water moccasin closely misses you. The water moccasin barely misses you.
You climb upwards.
Level annotation: 1 runed door, Pikel
There is a stone staircase leading down here.
You scratch the water moccasin.
The water moccasin is severely wounded.
You feel sick. The water moccasin bites you!
You die...

#.##### #.....# #.##.#####
#.#...p..#
#############.#..###.#
#..........##.#.#....#
#....#####.##.##..#######
####...................)...#
................@##.######.#
.###....#######..S......##.#
.# #....'....##.#.....#.##.###
.# ##...####.##.#####.#.#....#
.# #...#....#.............#.#
.########.####..#####.....##.#
.#.....##.####.......#.#...#.#
p#.....##.#......###.#.#.#.#.#
.#.....##.#.#....#.#.#.#.#.#.#


You could see a water moccasin.

Vanquished Creatures
  A water moccasin (D:6)
  An ice beast (D:6)
  A sky beast (D:6)
  2 phantoms
  A black bear (D:9)
  2 ogres
  3 centaurs
  3 bullfrogs
  6 scorpions
  An electric eel (D:8)
  A howler monkey (D:5)
  3 bullfrog zombies
  7 crimson imps
  6 hounds
  A jelly (D:8)
  A bullfrog skeleton (D:5)
  A centaur skeleton (D:8)
  An orc wizard (D:8)
  2 iguanas
  7 worker ants
  2 hound zombies
  A howler monkey skeleton (D:8)
  9 adders
  2 adder zombies (D:5)
  2 adder skeletons
  3 worms
  A dart slug (D:1)
  7 leopard geckos
  3 orcs
  8 bats
  2 giant cockroaches
  6 goblins
  8 hobgoblins
  14 jackals
  5 quokkas
  A ball python (D:2)
  3 frilled lizards
  8 kobolds
  A leopard gecko skeleton (D:7)
  9 rats
146 creatures vanquished.

Vanquished Creatures (collateral kills)
  A jackal (D:6)
1 creature vanquished.

Grand Total: 147 creatures vanquished

Notes
Turn   | Place    | Note
-------+----------+-------------------------------------------
     0 | D:1      | equalderp2856 the Felid Fighter began the quest for the Orb.
     0 | D:1      | Reached XP level 1. HP: 10/10 MP: 2/2
    99 | D:1      | Reached XP level 2. HP: 4/14 MP: 3/3
   525 | D:1      | Reached XP level 3. HP: 13/17 MP: 4/4
  1451 | D:3      | Reached skill level 1 in Stealth
  1573 | D:3      | Reached skill level 5 in Unarmed Combat
  1573 | D:3      | Reached XP level 4. HP: 9/21 MP: 5/5
  2350 | D:3      | Reached skill level 5 in Dodging
  2834 | D:4      | Slain by a hound
  2835 | D:4      | Reached XP level 3. HP: 0/17 MP: 4/4
  2858 | D:4      | Reached XP level 4. HP: 15/21 MP: 5/5
  3576 | D:4      | Found Xikhonux's Assorted Antiques.
  3576 | D:4      | Noticed Edmund
  3741 | D:4      | Reached XP level 5. HP: 24/24 MP: 6/6
  4854 | D:5      | Entered Level 5 of the Dungeon
  4874 | D:5      | Reached skill level 6 in Unarmed Combat
  4874 | D:5      | Gained mutation: You are covered in thick fur. (AC +2) [Felid growth]
  4874 | D:5      | Reached XP level 6. HP: 28/28 MP: 7/7
  5118 | D:5      | Reached XP level 7. HP: 10/31 MP: 8/8
  5626 | D:5      | Reached skill level 7 in Unarmed Combat
  5655 | D:5      | Found a staircase to the Ecumenical Temple.
  5932 | D:5      | Reached skill level 5 in Stealth
  6439 | D:5      | Learned a level 2 spell: Sticks to Snakes
  6715 | D:6      | Reached XP level 8. HP: 36/36 MP: 9/9
  6852 | D:6      | Reached skill level 8 in Unarmed Combat
  6914 | D:6      | Found Gomowk's Jewellery Shoppe.
  7857 | D:7      | Reached skill level 1 in Spellcasting
  7861 | D:7      | Reached skill level 9 in Unarmed Combat
  8117 | D:7      | Found a radiant altar of Vehumet.
  8117 | D:7      | Found a shattered altar of Ashenzari.
  8117 | D:7      | Found a basalt altar of Yredelemnul.
  8118 | D:7      | Found a white marble altar of Elyvilon.
  8295 | D:7      | Learned a level 1 spell: Summon Small Mammal
  8297 | D:7      | Learned a level 1 spell: Confusing Touch
  8325 | D:7      | Found a shimmering altar of Xom.
  8701 | D:7      | Reached XP level 9. HP: 35/39 MP: 11/11
  8860 | D:7      | Found a runed door.
  9216 | D:8      | Found a staircase to the Lair.
  9329 | D:8      | Found Wiaxoss's Antique Armour Boutique.
  9420 | D:8      | You fall through a shaft for 2 floors!
  9420 | D:10     | Entered Level 10 of the Dungeon
  9495 | D:10     | Noticed Joseph
  9571 | D:9      | Noticed a yaktaur captain
  9582 | D:9      | Mangled by a yaktaur captain
  9583 | D:9      | Reached XP level 8. HP: -8/36 MP: 10/10
  9665 | D:8      | Reached skill level 10 in Unarmed Combat
  9738 | D:7      | Noticed Pikel
 10345 | D:7      | Slain by a water moccasin

Skill      XL: |  1  2  3  4  5  6  7  8  9 |
---------------+----------------------------+-----
Stealth        | 2 3 4 5 7 8 |  8.6
Unarmed Combat | 5 6 7 10 | 10.0
Dodging        | 5 6 7 |  7.9
Fighting       | 4 |  4.4
Spellcasting   | 1 |  1.3
Transmutations | |  0.4

Action                   |  1- 3 |  4- 6 |  7- 9 || total
-------------------------+-------+-------+-------++-------
Melee: Unarmed           |   124 |   158 |   255 ||   537
       Bite              |    13 |    13 |    29 ||    55
       Punch             |       |     6 |     8 ||    14
 Cast: Sticks to Snakes  |       |       |     1 ||     1
       Confusing Touch   |       |       |     3 ||     3
  Use: Scroll            |       |    10 |     3 ||    13
       Potion            |       |     1 |     2 ||     3
 Stab: Sleeping          |     2 |     3 |    17 ||    22
       Confused          |       |       |     2 ||     2
  Eat: Chunk             |     7 |     5 |    13 ||    25
       Meat ration       |       |       |     1 ||     1
Armor: Skin              |    10 |     2 |     8 ||    20
Dodge: Dodged            |   116 |   129 |   227 ||   472
